 Dungeon Crawl Stone Soup version 0.14-a0-2432-g6b3afca (webtiles) character file.

93380 4tharraofdagon the Severer (level 15, -19/136 HPs)
             Began as a Demonspawn Berserker on Feb 4, 2014.
             Was a Priest of Trog.
             Shot with an arrow by a deep elf master archer (25 damage)
             ... on Level 3 of the Elven Halls.
             The game lasted 01:48:36 (11334 turns).

4tharraofdagon the Severer (Demonspawn Berserker)  Turns: 11334, Time: 01:48:36

HP -19/136       AC 23     Str 25      XL: 15   Next: 54%
MP   0/9         EV  7     Int  8      God: Trog [***...]
Gold 2250        SH  0     Dex 14      Spells:  0 memorised, 14 levels left

rFire  + . .     SeeInvis +     n - +0,+4 battleaxe (antimagic)
rCold  . . .     Clarity  .     e - +3 plate armour {rF+}
rNeg   . . .     Conserve .     (no shield)
rPois  .         rCorr    .     (helmet restricted)
rElec  .         rRot     .     z - +0 cloak
SustAb . .       Spirit   +     (gloves unavailable)
rMut   .         Warding  .     r - +2 pair of dwarf boots
Saprov . . .     Stasis   .     h - amulet of guardian spirit
MR     +++..                    O - +2 ring of dexterity
                                I - ring of see invisible

@: regenerating, exhausted, slowed, heavily drained, very slow, extremely
resistant to hostile enchantments, extremely unstealthy
A: claws 3, horns 1, icy blue scales 1, blurry vision 1, demonic guardian 2,
magic resistance 1, robust 1, slow healing 2, magic shield
a: Burn Spellbooks, Berserk, Trog's Hand, Renounce Religion


You were on level 3 of the Elven Halls.
You worshipped Trog.
Trog was most pleased with you.
You were not hungry.

You visited 5 branches of the dungeon, and saw 34 of its levels.
You also visited: Labyrinth and Volcano.

You collected 2641 gold pieces.
You spent 391 gold pieces at shops.

Inventory:

Hand weapons
 n - a +0,+4 anti-magic battleaxe (weapon)
 s - a +5,+4 battleaxe of chopping
Missiles
 t - 10 exploding darts (quivered)
Armour
 e - a +3 plate armour of fire resistance (worn)
 g - a +3 gold dragon armour
 r - a +2 pair of dwarven boots (worn)
 z - a +0 cloak (worn)
 H - the cursed +2 helmet of Yredelemnul's Favour {Int+2 Acc+4 Stlth+ Curse}
   (You acquired it on level 8 of the Lair of Beasts)

   It affects your intelligence (+2).
   It affects your accuracy with ranged weapons and melee attacks (+4).
   It may recurse itself when equipped.
   It makes you much more stealthy.
   It has a curse placed upon it.
Magical devices
 M - a wand of enslavement (4)
 T - a wand of lightning (7)
Comestibles
 Z - 3 meat rations
Scrolls
 i - a scroll of remove curse
 l - a scroll of immolation
 w - a scroll of silence
 y - 3 scrolls of blinking
Jewellery
 h - an amulet of guardian spirit (around neck)
 m - a cursed -3 ring of strength {unknown}
 u - an uncursed amulet of faith {unknown}
 A - a +3 ring of intelligence
 I - a ring of see invisible (left claw)
 L - an uncursed ring of protection from magic
 O - a +2 ring of dexterity (right claw)
 R - an uncursed ring of sustain abilities
 W - an uncursed amulet of rage
 Y - an uncursed ring of fire
Potions
 f - a potion of lignification
 j - 3 potions of curing
 k - 4 potions of heal wounds
 o - a potion of berserk rage
 q - 2 potions of might {unknown}
 G - 2 potions of restore abilities
 J - a potion of invisibility
 N - a potion of brilliance
Books
 d - a book of Changes

   Spells                             Type                      Level
   Beastly Appendage                  Transmutation                1
   Sticks to Snakes                   Transmutation                2
   Spider Form                        Transmutation/Poison         3
   Ice Form                           Ice/Transmutation            4
   Blade Hands                        Transmutation                5
   Trog disapproves of the use of such an item.
 p - a book of Death

   Spells                             Type                      Level
   Corpse Rot                         Necromancy                   2
   Sublimation of Blood               Necromancy                   2
   Agony                              Necromancy                   5
   Dispel Undead                      Necromancy                   5
   Excruciating Wounds                Charms/Necromancy            5
   Bolt of Draining                   Conjuration/Necromancy       5
   Trog disapproves of the use of such an item.
 v - a book of Fire

   Spells                             Type                      Level
   Fire Brand                         Charms/Fire                  2
   Ignite Poison                      Fire/Transmutation           5
   Fireball                           Conjuration/Fire             5
   Bolt of Fire                       Conjuration/Fire             6
   Delayed Fireball                   Conjuration/Fire             7
   Ring of Flames                     Charms/Fire                  7
   Trog disapproves of the use of such an item.
 B - a book of Dreams

   Spells                             Type                      Level
   Ensorcelled Hibernation            Hexes/Ice                    2
   Flight                             Charms/Air                   3
   Phase Shift                        Translocation                5
   Shadow Creatures                   Summoning                    5
   Mass Confusion                     Hexes                        6
   Darkness                           Hexes                        7
   Trog disapproves of the use of such an item.
 D - a book of Dreams

   Spells                             Type                      Level
   Ensorcelled Hibernation            Hexes/Ice                    2
   Flight                             Charms/Air                   3
   Phase Shift                        Translocation                5
   Shadow Creatures                   Summoning                    5
   Mass Confusion                     Hexes                        6
   Darkness                           Hexes                        7
   Trog disapproves of the use of such an item.
 E - Lafoefung's Guide on the Creative Blaze
   (You found it in a labyrinth)

   Spells                             Type                      Level
   Recall                             Summoning/Translocation      3
   Summon Scorpions                   Summoning/Poison             4
   Bolt of Fire                       Conjuration/Fire             6
   Ring of Flames                     Charms/Fire                  7
   Trog disapproves of the use of such an item.
 P - a book of Hinderance

   Spells                             Type                      Level
   Confusing Touch                    Hexes                        1
   Slow                               Hexes                        2
   Confuse                            Hexes                        3
   Petrify                            Transmutation/Earth          4
   Leda's Liquefaction                Hexes/Earth                  4
   Metabolic Englaciation             Hexes/Ice                    6
   Trog disapproves of the use of such an item.
 S - a book of the Sky

   Spells                             Type                      Level
   Flight                             Charms/Air                   3
   Airstrike                          Air                          4
   Silence                            Hexes/Air                    5
   Deflect Missiles                   Charms/Air                   6
   Conjure Ball Lightning             Conjuration/Air              6
   Tornado                            Air                          9
   Trog disapproves of the use of such an item.
 V - a book of Party Tricks

   Spells                             Type                      Level
   Summon Butterflies                 Summoning                    1
   Apportation                        Translocation                1
   Blink                              Translocation                2
   Alistair's Intoxication            Transmutation/Poison         4
   Tukima's Dance                     Hexes                        5
   Trog disapproves of the use of such an item.
Miscellaneous
 x - a plain deck of war
 F - a plain deck of defence {the Shadow}
 Q - a stone of tremors
Rods
 C - a +3 rod of destruction (12/12)
   (You found it in a labyrinth)


   Skills:
 + Level 13.3(11.7) Fighting
 * Level 16.7(15.0) Axes
 + Level 12.2(10.6) Armour
 - Level 3.3(2.1) Dodging
 - Level 9.0(7.6) Evocations


You had 14 spell levels left.
You didn't know any spells.

Dungeon Overview and Level Annotations

Branches:
Dungeon (16/16)            Temple (0/1) D:7             Orc (4/4) D:11
    Elf (3/3) Orc:4          Lair (8/8) D:8           Swamp (0/5) Lair:3
 Depths (3/6) D:16
 Shoals: Lair:3-6     Snake: Lair:3-6    Spider: Lair:3-6     Slime: Lair:6-8
 Vaults: D:14-15

Altars:
Okawaru
Trog
Zin
The Shining One

Shops:
D:16 [   Orc:1 (   Orc:2 !   Orc:4 ([*:

Portals:
Trove: D:15 (give 4 scrolls of blinking)

Annotations:
Depths:3 exclusion: orange crystal statue


Innate Abilities, Weirdness & Mutations

You have claws for hands.
You are partially covered in icy blue scales (AC +1).
A demonic guardian rushes to your aid.
You are robust (+10% HP).
When hurt, damage is shared between your health and your magic reserves.
You have a pair of small horns on your head.
Your vision is a little blurry.
You are resistant to hostile enchantments.
You do not heal naturally when monsters are visible.


Message History

Unknown command.
Unknown command.
You feel a strong urge to attack something.
Your sixfirhy closely misses the deep elf master archer.
Your sixfirhy barely misses the deep elf master archer.
Your sixfirhy closely misses the deep elf master archer.
The deep elf death mage beckons forth a restless soul!
The deep elf master archer shoots an arrow.
The arrow hits your sixfirhy.
Your sixfirhy dies!
A lost soul flickers into view.
Unknown command.
Unknown command.
Unknown command.
You are no longer berserk.
You are exhausted.
You feel yourself slow down.
The deep elf master archer shoots an arrow.
The arrow hits you!
You die...

####### ##....###
..(...########## #...)..##
...............##########...#)..#
......................##....##...
............................###..
......)..../.....................
.................................
...................(..(..........
................@........).......
..................(*.............
........[)......)().........###..
...........)...))().....######...
######.#)######.#e####### ##.#
###...###..#e# ### ###..#####*# #
###)# #.# #. ### #.# .


You could see a deep elf master archer, a deep elf death mage and 2 lost souls.

Vanquished Creatures
  A deep elf master archer (Elf:3)
  Maud (D:15)
  5 deep elf sorcerers (Elf:3)
  A stone giant (Depths:1)
  4 deep elf demonologists (Elf:3)
  A deep elf death mage (Elf:3)
  2 fire dragons
  A minotaur (Lab)
  A deep elf high priest (Elf:3)
  Harold (Elf:1)
  Erica (D:15)
  An ogre mage (Depths:1)
  2 centaur warriors
  3 death yaks (Lair:5)
  3 orc high priests (Orc:4)
  Urug (Orc:3)
  A spectral elf (Elf:3)
  2 deep elf knights
  An unseen horror (D:15)
  An iron troll (Depths:1)
  3 orc knights
  Pikel (D:6)
  2 hill giants
  5 deep elf conjurers
  10 orc sorcerers
  2 cyclopes
  3 sixfirhies
  3 black mambas
  A spiny frog (shapeshifter) (D:16)
  3 spiny frogs
  8 deep elf summoners
  4 yaktaurs (Depths:1)
  6 fire drakes
  An iron devil (Orc:4)
  A naga mage (D:16)
  5 trolls
  5 komodo dragons
  6 blink frogs
  A grizzly bear (Lair:5)
  8 basilisks
  8 deep elf magi
  A griffon zombie (D:16)
  A two-headed ogre (Depths:1)
  A vampire (D:15)
  A wraith (D:16)
  A hill giant zombie (D:8)
  A baby alligator (shapeshifter) (Elf:3)
  4 ugly things (Depths:1)
  A wyvern (D:12)
  5 fire bats (Volcano)
  A manticore (D:16)
  A tarantella (shapeshifter) (D:16)
  A chaos spawn (Orc:4)
  2 steam dragons (Lair:8)
  2 clay golems (Volcano)
  6 hippogriffs
  A hippogriff (shapeshifter) (Elf:1)
  2 hungry ghosts
  A neqoxec (Orc:4)
  16 yaks
  10 deep elf fighters
  A mottled dragon (D:16)
  A soldier ant (shapeshifter) (Depths:1)
  2 porcupines
  28 orc warriors
  An ice beast (D:11)
  A slave (D:6)
  3 phantoms (D:11)
  7 ogres
  A rotting devil (Orc:4)
  A yellow wasp (D:10)
  5 centaurs
  6 lava worms (Volcano)
  9 crocodiles
  2 wargs
  Sigmund (D:2)
  8 water moccasins
  5 giant slugs
  A big kobold (D:14)
  An agate snail (Lair:8)
  3 giant frogs
  A yak zombie (D:9)
  A boulder beetle zombie (D:16)
  A troll skeleton (D:6)
  A hippogriff skeleton (D:8)
  3 killer bees (D:9)
  2 troll zombies (D:11)
  5 wights (D:4)
  5 lava snakes (Volcano)
  5 hounds
  2 crimson imps
  A giant frog zombie (D:8)
  A jelly (D:10)
  2 spiders (Lair:5)
  24 orc priests
  An iron imp (D:6)
  11 iguanas
  27 orc wizards
  20 sheep
  2 worker ants (D:10)
  An orange rat (Elf:1)
  5 ogre zombies (D:11)
  4 boggarts (Depths:1)
  A mottled dragon skeleton (D:16)
  A mummy (D:8)
  11 adders
  23 green rats
  A kobold skeleton (D:16)
  2 giant centipedes
  A giant mite (D:3)
  A white imp (D:6)
  An ufetubus (D:6)
  3 worms
  An adder skeleton (D:4)
  An adder zombie (D:6)
  A grey rat (D:6)
  A giant eyeball (Depths:1)
  153 orcs
  10 bats
  7 hobgoblins
  12 jackals
  8 kobolds
  7 quokkas
  A giant newt (Lair:1)
  9 goblins
  A goblin skeleton (D:11)
  5 goblin zombies (D:11)
  A hobgoblin skeleton (D:11)
  3 hobgoblin zombies
  7 orc skeletons
  14 orc zombies
  14 rats
  A ballistomycete (D:10)
  2 crawling corpses (Elf:3)
  A fungus (Lair:4)
  2 plants
698 creatures vanquished.

Vanquished Creatures (collateral kills)
  The ghost of Kae the Shatterer, a great MiBe of Trog (Elf:3)
  A deep elf blademaster (Elf:3)
  3 deep elf sorcerers (Elf:3)
  An orc warlord (Orc:4)
  A deep elf demonologist (Elf:3)
  A deep elf annihilator (Elf:3)
  3 deep elf death magi (Elf:3)
  2 deep elf high priests (Elf:3)
  A great orb of eyes (Depths:3)
  A hydra (Lair:8)
  2 spectral elves (Elf:3)
  A centaur warrior (Depths:3)
  A deep elf knight (Elf:3)
  An iron troll (Depths:3)
  An ice devil (Elf:3)
  A deep elf conjurer (Elf:1)
  A necromancer (D:16)
  An orc knight (Orc:4)
  2 deep elf summoners
  2 black mambas
  An iron devil (Orc:4)
  A two-headed ogre (Depths:1)
  2 deep elf priests
  A komodo dragon (Lair:7)
  A redback (Elf:3)
  A deep elf mage (Elf:1)
  Eustachio (D:6)
  A neqoxec (Elf:3)
  7 deep elf fighters
  Edmund (D:7)
  A sky beast (D:8)
  5 orc warriors (Orc:4)
  A porcupine (Lair:4)
  4 ogres
  2 centaurs
  A brain worm (D:16)
  A warg (Orc:3)
  A giant frog (Lair:7)
  A troll zombie (D:11)
  A lava snake (Volcano)
  A crimson imp (D:7)
  An orc priest (Orc:4)
  A spider (Lair:5)
  3 orc wizards (Orc:4)
  A sheep (Lair:6)
  A lemure (Elf:3)
  6 orcs
  A jackal (D:6)
  A goblin (D:4)
  A goblin skeleton (D:11)
  A goblin zombie (D:11)
  A kobold (D:6)
  A rat (Lair:5)
  A fungus (Lair:8)
84 creatures vanquished.

Vanquished Creatures (others)
  A soul eater (Elf:1)
  A sun demon (Orc:4)
  3 ice devils
  7 sixfirhies
  7 smoke demons
  A two-headed ogre (Elf:3)
  A grizzly bear (Lair:5)
  A deep elf mage (Elf:1)
  A black bear (Lair:5)
  An ogre (Lair:5)
  An ice beast (D:10)
  29 crimson imps
  22 iron imps
  A boggart (Depths:1)
  18 lemures
  24 white imps
  22 ufetubi
  A giant spore (D:10)
  2 butterflies (Lair:8)
  A fungus (Elf:3)
  A plant (Lair:8)
146 creatures vanquished.

Grand Total: 928 creatures vanquished

Notes
Turn   | Place    | Note
--------------------------------------------------------------
     0 | D:1      | 4tharraofdagon, the Demonspawn Berserker, began the quest for the Orb.
     0 | D:1      | Reached XP level 1. HP: 18/18 MP: 1/1
   176 | D:2      | Noticed Sigmund
   181 | D:2      | Gained mutation: A weak demonic guardian rushes to your aid. [demonic ancestry]
   181 | D:2      | Reached XP level 2. HP: 24/24 MP: 2/2
   185 | D:2      | Killed Sigmund
   185 | D:2      | Gained mutation: When hurt, damage is shared between your health and your magic reserves. [demonic ancestry]
   185 | D:2      | Reached XP level 3. HP: 23/29 MP: 3/3
   185 | D:2      | Gained mutation: You have sharp fingernails. [demonic ancestry]
   185 | D:2      | Reached XP level 4. HP: 27/35 MP: 4/4
   363 | D:4      | Noticed an ogre
   377 | D:4      | Acquired Trog's second power
   395 | D:4      | Killed an ogre
   395 | D:4      | Reached XP level 5. HP: 28/41 MP: 3/5
   403 | D:4      | Reached skill level 4 in Axes
   457 | D:4      | Gained mutation: You are partially covered in icy blue scales (AC +1). [demonic ancestry]
   457 | D:4      | Reached XP level 6. HP: 44/48 MP: 4/6
   489 | D:4      | Noticed an ogre
   517 | D:4      | Killed an ogre
   581 | D:5      | Entered Level 5 of the Dungeon
   591 | D:6      | Reached skill level 5 in Axes
   613 | D:6      | Noticed Eustachio
   623 | D:6      | Reached XP level 7. HP: 54/54 MP: 3/7
   635 | D:6      | Killed Eustachio
   656 | D:6      | Found a glowing silver altar of Zin.
   718 | D:6      | Reached skill level 6 in Axes
   720 | D:6      | Reached skill level 5 in Fighting
   726 | D:6      | Reached XP level 8. HP: 57/62 MP: 5/8
   736 | D:6      | Noticed Pikel
   769 | D:6      | Killed Pikel
   769 | D:6      | Reached skill level 7 in Axes
   948 | D:7      | Reached skill level 5 in Armour
   961 | D:7      | Found a staircase to the Ecumenical Temple.
   964 | D:7      | Noticed Edmund
   979 | D:7      | Killed Edmund
  1118 | D:8      | Gained mutation: You have very sharp fingernails. [demonic ancestry]
  1118 | D:8      | Reached XP level 9. HP: 62/69 MP: 7/9
  1251 | D:8      | Reached skill level 8 in Axes
  1263 | D:8      | Found a bloodstained altar of Trog.
  1263 | D:8      | Found a glowing golden altar of the Shining One.
  1461 | D:8      | Found a staircase to the Lair.
  1461 | D:8      | Noticed a fire drake
  1474 | D:8      | Killed a fire drake
  1515 | Lair:1   | Entered Level 1 of the Lair of Beasts
  1666 | Lair:2   | Reached skill level 9 in Axes
  1681 | Lair:2   | Acquired Trog's third power
  1909 | Lair:3   | Found a staircase to the Swamp.
  1967 | Lair:3   | Noticed a black mamba
  1977 | Lair:3   | Killed a black mamba
  1977 | Lair:3   | Reached skill level 1 in Evocations
  2114 | Lair:4   | Reached XP level 10. HP: 79/79 MP: 8/12
  2267 | Lair:4   | Reached skill level 10 in Axes
  2286 | Lair:4   | Noticed a black mamba
  2292 | Lair:4   | Killed a black mamba
  2339 | Lair:4   | Noticed a fire drake
  2348 | Lair:4   | Killed a fire drake
  2413 | Lair:5   | Noticed a black mamba
  2415 | Lair:5   | Noticed a death yak
  2416 | Lair:5   | Noticed a death yak
  2418 | Lair:5   | Noticed a death yak
  2418 | Lair:5   | Killed a black mamba
  2530 | Lair:5   | Noticed a five-headed hydra
  2826 | Lair:6   | Gained mutation: You have claws for hands. [demonic ancestry]
  2826 | Lair:6   | Reached XP level 11. HP: 78/87 MP: 14/18
  3076 | Lair:8   | Entered Level 8 of the Lair of Beasts
  3117 | Lair:8   | Identified a scroll of acquirement
  3118 | Lair:8   | Got an ancient helmet
  3121 | Lair:8   | Noticed a five-headed hydra
  3123 | Lair:8   | Identified the +2 helmet of Yredelemnul's Favour {Int+2 Acc+4 Stlth+ Curse} (You acquired it on level 8 of the Lair of Beasts)
  3170 | Lair:8   | Reached skill level 11 in Axes
  3170 | Lair:8   | Reached skill level 5 in Evocations
  3304 | Lair:8   | Found a dark tunnel.
  3309 | Volcano  | Entered a volcano
  3492 | Volcano  | Found a radiant altar of Vehumet.
  3492 | Volcano  | Noticed a fire dragon
  3507 | Volcano  | Killed a fire dragon
  3631 | Lair:8   | Reached skill level 10 in Fighting
  3631 | Lair:8   | Reached skill level 12 in Axes
  3631 | Lair:8   | Gained mutation: You are robust (+10% HP). [demonic ancestry]
  3631 | Lair:8   | Reached XP level 12. HP: 86/106 MP: 20/22
  3955 | Lair:8   | Noticed a seven-headed hydra
  3968 | Lair:8   | Killed a seven-headed hydra
  4362 | Lair:5   | Killed a death yak
  4365 | Lair:5   | Killed a death yak
  4367 | Lair:5   | Killed a death yak
  4367 | Lair:5   | Reached XP level 13. HP: 114/114 MP: 18/24
  4442 | Lair:5   | Reached skill level 13 in Axes
  4686 | Lair:2   | Noticed a spiny frog
  4695 | Lair:2   | Killed a spiny frog
  4862 | D:8      | Gained mutation: You have a pair of small horns on your head. [potion of mutation]
  4862 | D:8      | Gained mutation: You are resistant to hostile enchantments. [potion of mutation]
  4862 | D:8      | Gained mutation: Space occasionally distorts in your vicinity. [potion of mutation]
  5035 | D:10     | Entered Level 10 of the Dungeon
  5247 | D:11     | Found a staircase to the Orcish Mines.
  5401 | Orc:1    | Entered Level 1 of the Orcish Mines
  5736 | Orc:2    | Found Ahof's Distillery.
  5775 | Orc:2    | Bought 2 potions of heal wounds for 90 gold pieces
  5775 | Orc:2    | Bought a potion of speed for 82 gold pieces
  5923 | Orc:1    | Found Ydippuaj's Antique Weapon Emporium.
  5969 | Orc:1    | Bought a runed war axe for 100 gold pieces
  6010 | Orc:3    | Reached skill level 10 in Armour
  6112 | Orc:3    | Noticed Urug
  6121 | Orc:3    | Killed Urug
  6226 | Orc:4    | Entered Level 4 of the Orcish Mines
  6325 | Orc:4    | Found a staircase to the Elven Halls.
  6414 | Orc:3    | Received a gift from Trog
  6716 | Orc:4    | Noticed Nessos
  6730 | Orc:4    | Noticed Nessos
  6730 | Orc:4    | Nessos changed into Nessos the infernal demonspawn
  6733 | Orc:4    | Nessos the infernal demonspawn changed into Nessos the komodo dragon
  6826 | Orc:4    | Found an iron altar of Okawaru.
  6947 | Orc:4    | Received a gift from Trog
  7038 | Orc:4    | Noticed an orc warlord
  7278 | D:14     | You fall through a shaft!
  7278 | D:16     | Entered Level 16 of the Dungeon
  7278 | D:16     | Found Wintog's Armour Shop.
  7362 | D:16     | Reached skill level 14 in Axes
  7395 | D:16     | Found a staircase to the Depths.
  7453 | D:16     | :D
  7517 | D:16     | Found a labyrinth entrance.
  7552 | Lab      | Entered a labyrinth
  8042 | Lab      | Identified Lafoefung's Guide on the Creative Blaze (You found it in a labyrinth)
  8097 | D:16     | Identified a +3 rod of destruction (12/12) (You found it in a labyrinth)
  8188 | Depths:1 | Entered Level 1 of the Depths
  8188 | Depths:1 | Noticed a stone giant
  8205 | Depths:1 | Killed a stone giant
  8283 | Depths:1 | Gained mutation: A demonic guardian rushes to your aid. [demonic ancestry]
  8283 | Depths:1 | Reached XP level 14. HP: 73/124 MP: 18/26
  8391 | Depths:1 | Lost mutation: Space occasionally distorts in your vicinity. [mutagenic meat]
  8392 | Depths:1 | Gained mutation: Your vision is a little blurry. [mutagenic meat]
  8824 | D:15     | Entered Level 15 of the Dungeon
  8955 | D:15     | Noticed Erica
  8956 | D:15     | Found a portal to a secret trove of treasure.
  8958 | D:15     | Killed Erica
  9013 | D:15     | Noticed Maud
  9045 | D:15     | Killed Maud
  9269 | Orc:4    | Reached skill level 15 in Axes
  9299 | Orc:4    | Killed an orc warlord
  9538 | Orc:4    | Found Revilosi's Antique Armour Shop.
  9539 | Orc:4    | Found Suam's Antique Weapon Shop.
  9540 | Orc:4    | Found Sepaliob's General Store.
  9540 | Orc:4    | Found Wuoram's Book Boutique.
  9546 | Orc:4    | Bought a potion of curing for 34 gold pieces
  9546 | Orc:4    | Bought a scroll of curse weapon for 34 gold pieces
  9546 | Orc:4    | Bought a potion of lignification for 51 gold pieces
  9704 | Elf:1    | Entered Level 1 of the Elven Halls
  9710 | Elf:1    | Noticed Harold
  9724 | Elf:1    | Killed Harold
 10113 | Elf:2    | Gained mutation: You heal slowly when monsters are visible. [potion of mutation]
 10113 | Elf:2    | Gained mutation: You do not heal naturally when monsters are visible. [potion of mutation]
 10133 | Elf:3    | Entered Level 3 of the Elven Halls
 10143 | Elf:3    | Received a gift from Trog
 10178 | Elf:3    | Noticed a deep elf sorcerer
 10184 | Elf:3    | Noticed Kae's ghost (great MiBe)
 10187 | Elf:3    | Killed a deep elf sorcerer
 10216 | Elf:3    | Killed Kae's ghost
 10499 | Elf:3    | Reached skill level 16 in Axes
 10499 | Elf:3    | Reached XP level 15. HP: 68/134 MP: 4/27
 10509 | Elf:3    | Noticed a deep elf sorcerer
 10515 | Elf:3    | Killed a deep elf sorcerer
 10525 | Elf:3    | Noticed a deep elf sorcerer
 10528 | Elf:3    | Killed a deep elf sorcerer
 10531 | Elf:3    | Noticed a deep elf blademaster
 10540 | Elf:3    | Noticed a Hell Sentinel
 10551 | Elf:3    | Killed a deep elf blademaster
 10562 | Elf:3    | Noticed a deep elf sorcerer
 10562 | Elf:3    | Killed a deep elf sorcerer
 10568 | Elf:3    | Noticed a deep elf sorcerer
 10577 | Elf:3    | Killed a deep elf sorcerer
 10839 | Elf:3    | Noticed a deep elf sorcerer
 10855 | Elf:3    | Killed a deep elf sorcerer
 10942 | Elf:3    | Got an iridescent great mace
 11134 | Elf:3    | Noticed a deep elf master archer
 11136 | Elf:3    | FFS
 11153 | Elf:3    | Killed a deep elf master archer
 11259 | Elf:3    | Noticed a deep elf sorcerer
 11277 | Elf:3    | Killed a deep elf sorcerer
 11300 | Elf:3    | Noticed a deep elf sorcerer
 11310 | Elf:3    | Noticed a deep elf master archer
 11312 | Elf:3    | Killed a deep elf sorcerer
 11331 | Elf:3    | HP: 6/204 [deep elf master archer/arrow (23)]
 11334 | Elf:3    | Shot with an arrow by a deep elf master archer

Action                   |  1- 3 |  4- 6 |  7- 9 | 10-12 | 13-15 || total
-------------------------+-------+-------+-------+-------+-------++-------
Melee: Hand axe          |    20 |    17 |       |       |       ||    37
       War axe           |       |    45 |   222 |   386 |   379 ||  1032
       Battleaxe         |       |       |       |       |   636 ||   636
Invok: Berserk           |     1 |     5 |     9 |    10 |    16 ||    41
       Trog's Hand       |       |     2 |     5 |    27 |    51 ||    85
       Brothers in Arms  |       |       |       |     6 |     6 ||    12
Evoke: Wand              |       |       |       |    13 |    32 ||    45
       Stone of tremors  |       |       |       |       |     1 ||     1
  Use: Potion            |     1 |     1 |       |     7 |     8 ||    17
       Scroll            |       |     5 |     4 |    12 |    22 ||    43
 Stab: Distracted        |       |       |     1 |     2 |     7 ||    10
